 Dungeon Crawl Stone Soup version 0.31.0-32-g396128a36d (webtiles) character file.

Game seed: 8031912600261995687

30 Peloso the Covered (level 3, -2/33 HPs)
             Began as a Minotaur Fighter on Mar 29, 2024.
             Slain by Natasha (5 damage)
             ... on level 2 of the Dungeon.
             The game lasted 00:03:01 (824 turns).

Peloso the Covered (Minotaur Fighter)                Turns: 824, Time: 00:03:02

Health: -2/33      AC:  7    Str: 20    XL:     3   Next: 3%
Magic:  2/2        EV:  9    Int:  5    God:
Gold:   40         SH:  4    Dex: 11    Spells: 2/2 levels left

rFire   . . .        a - +0 long sword
rCold   . . .        c - +0 buckler
rNeg    . . .        b - +0 scale mail
rPois   .            (helmet restricted)
rElec   .            (no cloak)
rCorr   .            (no gloves)
SInv    .            (no boots)
Will    .....        (no amulet) Stlth
                     (no ring)
HPRegen 0.25/turn    (no ring)
MPRegen 0.08/turn

%: no passive effects
@: no status effects
A: horns 2, retaliatory headbutt
a: no special abilities


You were on level 2 of the Dungeon.
You visited 1 branch of the dungeon, and saw 2 of its levels.

You collected 40 gold pieces.

Inventory:

Hand Weapons
 a - a +0 long sword (weapon)
Armour
 b - a +0 scale mail (worn)
 c - a +0 buckler (worn)
Talismans
 g - a maw talisman
Potions
 d - a potion of might
 f - a potion of resistance


   Skills:
 + Level 4.1 Fighting
 + Level 2.9 Long Blades
 + Level 4.3 Armour
 + Level 0.2 Dodging
 + Level 3.7 Shields


You had 2 spell levels left.
You didn't know any spells.
Your spell library contained the following spells:

 Spells                   Type           Power      Damage    Failure   Level
 Sting                    Conj/Alch      0%         1d3       88%         1
 Blink                    Tloc           0%         N/A       95%         2
 Lesser Beckoning         Tloc           0%         N/A       95%         2
 Mercury Vapours          Alch/Air       0%         N/A       95%         2
 Momentum Strike          Conj/Tloc      0%         3d8       95%         2
 Brom's Barrelling Bould  Conj/Erth      0%         2d3       100%        4
 Olgreb's Toxic Radiance  Alch           0%         N/A       100%        4
 Fireball                 Conj/Fire      0%         3d3       100%        5
 Iskenderun's Battlesphe  Conj           0%         2d6       100%        5
 Conjure Ball Lightning   Conj/Air       0%         3x3d6     100%        6
 Orb of Destruction       Conj           0%         9d5       100%        7


Dungeon Overview and Level Annotations

Branches:
Dungeon (2/15)

Altars:

Annotations:
D:2 Natasha


Innate Abilities, Weirdness & Mutations

You have a pair of horns on your head.
You reflexively headbutt those who attack you in melee.


Message History

The cerulean imp is severely wounded.
You block the cerulean imp's attack. The cerulean imp misses you.
You hit the cerulean imp but do no damage.
The cerulean imp is severely wounded.
The cerulean imp disappears in a puff of smoke!
Natasha mumbles some strange words.
The cerulean imp hits you but does no damage.
The cerulean imp hits you but does no damage.
You hit the cerulean imp. Your headbutt misses the cerulean imp.
The cerulean imp is moderately wounded.
The cerulean imp disappears in a puff of smoke!
You hit Natasha.
Natasha is moderately wounded.
Natasha claws you.
The cerulean imp hits you but does no damage.
Natasha wildly gestures.
Natasha glows brightly for a moment.
You block Natasha's attack.
You barely miss Natasha.
Natasha is moderately wounded.
The cerulean imp closely misses you. Natasha claws you.
The cerulean imp hits you from afar with a +0 spear.
You hit Natasha.
Natasha is almost dead.
Natasha claws you!
* * * LOW HITPOINT WARNING * * *
The cerulean imp hits you but does no damage.
You hit Natasha.
Natasha is almost dead.
Natasha stares at you and mumbles some strange words.
The magic dart hits you.
* * * LOW HITPOINT WARNING * * *
The cerulean imp hits you from afar with a +0 spear.
* * * LOW HITPOINT WARNING * * *
Okay, then.
You miss Natasha.
Natasha is almost dead.
Natasha claws you.
You die...
Natasha curls up and begins to purr.

#.# ##.##
#...# #...#
#...# ##.##
#># #.# #@#
#h# #5##
#K5# ##.#
#.!...h.#
#....#'#K..#
#...⌠ +# ..#
#..## .#


You could see Natasha, 2 cerulean imps and a kobold.

Vanquished Creatures
  A dart slug (D:1)
  An orc (D:2)
  A ball python (D:1)
  2 giant cockroaches (D:1)
  A goblin (D:1)
  6 hobgoblins
  4 jackals (D:1)
  2 kobolds (D:1)
  A bat (D:1)
  2 frilled lizards (D:1)
  2 rats (D:1)
23 creatures vanquished.

Notes
Turn   | Place    | Note
-------+----------+-------------------------------------------
     0 | D:1      | Peloso the Minotaur Fighter began the quest for the Orb.
     0 | D:1      | Reached XP level 1. HP: 19/19 MP: 0/0
    71 | D:1      | Reached XP level 2. HP: 27/27 MP: 1/1
   796 | D:2      | Noticed Natasha
   810 | D:2      | Reached XP level 3. HP: 27/33 MP: 2/2
   824 | D:2      | Slain by Natasha

Illustrated notes

Levels and vault maps discovered:
D:1:      lightli_iron_boxes, layout_basic, minmay_indecisive_spiral
D:2:      layout_loops_ring, serial_shops, nicolae_shop_real_fake_doors,
          uniq_natasha

Skill      XL: |  1  2 |
---------------+-------+-----
Fighting       | 4 |  4.1
Armour         | 4 |  4.3
Long Blades    | |  2.9
Dodging        | |  0.2
Shields        | |  3.7

Action                     || total
---------------------------++-------
  Melee: Long sword        ||    58
         Headbutt          ||     6
    Use: Scroll            ||     3
         Potion            ||     3
 Armour: Scale mail        ||    58
  Dodge: Dodged            ||    36
  Block: Buckler           ||    27
